 Dungeon Crawl Stone Soup version 0.30.1-3-gfc49f6343a (webtiles) character file.

Game seed: 6374309981772473446

92 croobank the Ducker (level 4, 0/33 HPs)
             Began as an Octopode Monk on July 20, 2023.
             Slain by an orc wizard
             ... wielding a +0 dagger
              (4 damage)
             ... on level 4 of the Dungeon.
             The game lasted 00:02:51 (1484 turns).

croobank the Ducker (Octopode Monk)                 Turns: 1484, Time: 00:02:52

Health: 0/33       AC:  1    Str: 10    XL:     4   Next: 60%
Magic:  4/4        EV: 14    Int: 14    God:
Gold:   113        SH:  0    Dex: 14    Spells: 3/3 levels left

rFire   . . .        a - +0 short sword
rCold   . . .        (no shield)
rNeg    . . .        (helmet restricted)
rPois   .            (no amulet)
rElec   .            (no ring)
rCorr   .            (no ring)
SInv    .            (no ring)
Will    .....        (no ring)
Stlth   ++           (no ring)
HPRegen 0.25/turn    (no ring)
MPRegen 0.09/turn    (no ring)
                     (no ring)

%: no passive effects
@: no status effects
A: almost no armour, amphibious, 8 rings, camouflage 1, gelatinous body 1,
(nimble swimmer 1), tentacles
a: no special abilities


You were on level 4 of the Dungeon.
You visited 1 branch of the dungeon, and saw 4 of its levels.

You collected 113 gold pieces.

Inventory:

Hand Weapons
 a - a +0 short sword (weapon)
Missiles
 f - 4 curare-tipped darts (quivered)
Armour
 c - an orb of light
Scrolls
 d - 2 scrolls of vulnerability {unknown}
 g - a scroll of amnesia
 h - a scroll of identify {unknown}
 k - a scroll of poison
 m - a scroll of fear {unknown}
Potions
 b - 2 potions of ambrosia
 i - 2 potions of curing {unknown}
 j - a potion of experience {unknown}
 l - a potion of berserk rage {unknown}


   Skills:
 + Level 3.8 Fighting
 + Level 3.8 Short Blades
 + Level 3.8 Dodging


You had 3 spell levels left.
You didn't know any spells.
Your spell library contained the following spells:

 Spells                   Type           Power      Damage    Failure   Level
 Cigotuvi's Dreadful Rot  Necr/Pois/Air  0%         N/A       41%         2
 Ignite Poison            Fire/Tmut/Pois 0%         N/A       65%         3
 Freezing Cloud           Conj/Ice/Air   0%         6-21      100%        5


Dungeon Overview and Level Annotations

Branches:
Dungeon (4/15)
 Temple: D:4-7

Altars:


Innate Abilities, Weirdness & Mutations

You cannot wear most types of armour.
You are amphibious.
You can wear up to eight rings at the same time.
Your skin changes colour to match your surroundings (Stealth+).
Your rubbery body absorbs attacks. (AC +1, EV +1)
((You are camouflaged when in or above water. (Stealth+)))
You have tentacles for arms and can constrict up to eight enemies at once.


Message History

You constrict the iguana.
You kill the iguana!
An orc comes into view. It is wielding a +0 dagger.
Found a stone staircase leading up.
Found a robe.
There is a stone staircase leading up here.
You climb upwards.
Found three items.
There is a stone staircase leading down here.
The helpless orc priest fails to defend itself.
You puncture the orc priest! You grab the orc priest.
The orc priest is heavily wounded.
You constrict the orc priest, but do no damage.
The orc shouts!
The orc wizard shouts!
You hit the orc priest.
The orc priest is severely wounded.
You constrict the orc priest.
The orc priest hits you with a +1 flail of protection!
You release your grip on the orc priest.
The orc wizard casts a spell.
The orc wizard flickers and vanishes!
Deactivating autopickup; reactivate with Ctrl-A.
The orc priest hits you with a +1 flail of protection!
You climb downwards.
Reactivating autopickup.
There is a stone staircase leading up here.
You closely miss the orc priest. Your grab misses the orc priest.
Your squeeze misses the orc priest.
The orc priest is almost dead.
Something hits you.
Deactivating autopickup; reactivate with Ctrl-A.
The orc priest misses you.
You barely miss the orc priest. You grab the orc priest.
The orc priest is almost dead.
You constrict the orc priest, but do no damage.
The orc priest hits you with a +1 flail of protection!
* * * LOW HITPOINT WARNING * * *
Something hits you.
You die...

##########.... #
#...........# #
###...........# .##
.##...........# ..#
..............# ... #
##............####.#..#
#....................#
##...######.....##...#
###...# #...o@.....#
###.####.....###...#
#.............. .#
###.####...#####
#.)....+..[.
###.####.....
#...##..... ###.##..
[.+


You could see an orc priest.

Vanquished Creatures
  An iguana (D:4)
  A gnoll (D:1)
  3 dart slugs
  2 ball pythons (D:1)
  8 endoplasms
  4 giant cockroaches
  2 goblins
  7 hobgoblins
  3 jackals (D:1)
  3 quokkas
  2 bats (D:1)
  4 kobolds (D:1)
  7 rats
47 creatures vanquished.

Notes
Turn   | Place    | Note
-------+----------+-------------------------------------------
     0 | D:1      | croobank the Octopode Monk began the quest for the Orb.
     0 | D:1      | Reached XP level 1. HP: 16/16 MP: 1/1
   153 | D:1      | Reached XP level 2. HP: 13/21 MP: 2/2
   249 | D:1      | Reached XP level 3. HP: 23/26 MP: 3/3
  1149 | D:2      | Reached XP level 4. HP: 30/33 MP: 4/4
  1433 | D:2      | You fall into a shaft and drop 2 floors!
  1484 | D:4      | Slain by an orc wizard

Illustrated notes

Levels and vault maps discovered:
D:1:      nzn_arrival_depleted_hourglass, layout_basic, minmay_indecisive_spiral
D:2:      layout_loops_cross, hellmonk_ecumenical_altar_lost_god,
          minmay_small_reverse_x
D:3:      layout_loops_corners, okawaru_gym_becter, lemuel_round_altar
D:4:      layout_basic, mainiacjoe_overflow_catch_the_wave, minmay_rat_hole,
          uniq_edmund, uniq_duvessa, uniq_eustachio

Action                     |  1- 3 |  4- 6 || total
---------------------------+-------+-------++-------
  Melee: Short sword       |    97 |    32 ||   129
         Tentacles         |    24 |     8 ||    32
         Constrict         |    22 |    10 ||    32
         Punch             |     1 |       ||     1
    Use: Scroll            |       |     4 ||     4
   Stab: Sleeping          |     7 |     2 ||     9
 Armour: Skin              |     9 |     1 ||    10
  Dodge: Dodged            |    48 |    24 ||    72
